TOP OF THE 1ST |
Texarkana Bears batting - Pitching for San Jose Missions : LHP Esteban Peña
|
Pitching: LHP Esteban Peña
|
|
Batting: LHB Alberto Medine
|
0-0: Fly out, F6 (Popup, 56D)
|
Batting: RHB Jaime Delgado
|
0-0: Called Strike 0-1: Foul Ball, location: 2F 0-2: Ball 1-2: Ball 2-2: Ball 3-2: DOUBLE (Line Drive, 89D)
|
Batting: RHB Billy Campbell
|
0-0: Called Strike 0-1: Swinging Strike 0-2: Strikes out swinging
|
Batting: RHB Lu-fang Huie
|
0-0: Called Strike 0-1: Foul Ball, location: 2F 0-2: Strikes out swinging
|
Top of the 1st over - 0 runs, 1 hit, 0 errors, 1 left on base; Texarkana 0 - San Jose 0 |
BOTTOM OF THE 1ST |
San Jose Missions batting - Pitching for Texarkana Bears : RHP Kosami Tagawa
|
Pitching: RHP Kosami Tagawa
|
|
Batting: RHB Irwin Duncan
|
0-0: Called Strike 0-1: Swinging Strike 0-2: Fly out, F8 (Flyball, 8RXD)
|
Batting: RHB Chase Mueller
|
0-0: Ball 1-0: Ball 2-0: Ball 3-0: Base on Balls
|
Batting: SHB Ángel González
|
0-0: Ball 1-0: Called Strike 1-1: Ball 2-1: Ball 3-1: Fly out, F9 (Flyball, 9)
|
Batting: LHB John Foster
|
0-0: Ball 1-0: Ball 2-0: Ball 3-0: Called Strike 3-1: Swinging Strike 3-2: Base on Balls Chase Mueller to second
|
Batting: LHB Chris Moore
|
0-0: Called Strike 0-1: Ball 1-1: Foul Ball, location: 2F 1-2: Strikes out swinging
|
Bottom of the 1st over - 0 runs, 0 hits, 0 errors, 2 left on base; Texarkana 0 - San Jose 0 |
TOP OF THE 2ND |
Texarkana Bears batting - Pitching for San Jose Missions : LHP Esteban Peña
|
Batting: RHB Gilberto López
|
0-0: Called Strike 0-1: Swinging Strike 0-2: Foul Ball, location: 2F 0-2: Ball 1-2: Ball 2-2: Ball 3-2: Base on Balls
|
Batting: RHB Marvin Johnson
|
0-0: Called Strike 0-1: Swinging Strike 0-2: Ground out 5-3 (Groundball, 56) Gilberto López to second
|
Batting: RHB Arturo Rodríguez
|
0-0: Ball 1-0: Called Strike 1-1: Swinging Strike 1-2: Foul Ball, location: 2F 1-2: Ball 2-2: Ball 3-2: Strikes out swinging
|
Batting: RHB Steve Garneys
|
0-0: Called Strike 0-1: 2-RUN HOME RUN (Line Drive, 7D), Distance : 381 ft
|
Batting: RHB Kun Liu
|
0-0: Foul Ball, location: 2F 0-1: Swinging Strike 0-2: Ball 1-2: Strikes out looking
|
Top of the 2nd over - 2 runs, 1 hit, 0 errors, 0 left on base; Texarkana 2 - San Jose 0 |
BOTTOM OF THE 2ND |
San Jose Missions batting - Pitching for Texarkana Bears : RHP Kosami Tagawa
|
Batting: RHB Ed Starr
|
0-0: Called Strike 0-1: Ball 1-1: Swinging Strike 1-2: Ball 2-2: Foul Ball, location: 2F 2-2: Ball 3-2: Foul Ball, location: 2F 3-2: Base on Balls
|
Batting: RHB Jorge Díaz
|
0-0: Foul Ball, location: 2F 0-1: Ball 1-1: Foul Ball, location: 2F 1-2: Ball 2-2: Fly out, F9 (Flyball, 9D)
|
Batting: SHB David Johnstone
|
0-0: Ball 1-0: Foul Ball, location: 2F 1-1: Called Strike 1-2: Strikes out looking
|
Batting: RHB David Crespo
|
0-0: Foul Ball, location: 2F 0-1: Ball 1-1: Ball 2-1: 2-RUN HOME RUN (Flyball, 7D), Distance : 387 ft
|
Batting: RHB Irwin Duncan
|
0-0: Ball 1-0: Swinging Strike 1-1: Swinging Strike 1-2: Ground out 6-3 (Groundball, 6)
|
Bottom of the 2nd over - 2 runs, 1 hit, 0 errors, 0 left on base; Texarkana 2 - San Jose 2 |
TOP OF THE 3RD |
Texarkana Bears batting - Pitching for San Jose Missions : LHP Esteban Peña
|
Batting: LHB Alberto Medine
|
0-0: Called Strike 0-1: Ball 1-1: Foul Ball, location: 2F 1-2: Ground out 6-3 (Groundball, 6)
|
Batting: RHB Jaime Delgado
|
0-0: Ball 1-0: Called Strike 1-1: Ground out 5-3 (Groundball, 56S)
|
Batting: RHB Billy Campbell
|
0-0: Ball 1-0: Foul Ball, location: 2F 1-1: Called Strike 1-2: Ball 2-2: Foul Ball, location: 2F 2-2: Ball 3-2: Fly out, F3 (Line Drive, 34)
|
Top of the 3rd over - 0 runs, 0 hits, 0 errors, 0 left on base; Texarkana 2 - San Jose 2 |
BOTTOM OF THE 3RD |
San Jose Missions batting - Pitching for Texarkana Bears : RHP Kosami Tagawa
|
Batting: RHB Chase Mueller
|
0-0: Ball 1-0: Called Strike 1-1: Fly out, F9 (Flyball, 89D)
|
Batting: SHB Ángel González
|
0-0: SOLO HOME RUN (Flyball, 9LD), Distance : 346 ft
|
Batting: LHB John Foster
|
0-0: Called Strike 0-1: Ground out 3-1 (Groundball, 34)
|
Batting: LHB Chris Moore
|
0-0: Swinging Strike 0-1: Called Strike 0-2: Ball 1-2: Ball 2-2: Foul Ball, location: 2F 2-2: Foul Ball, location: 2F 2-2: SINGLE (Flyball, 56D)
|
Batting: RHB Ed Starr
|
0-0: Ball 1-0: SINGLE (Groundball, 6D) Chris Moore to second
|
Batting: RHB Jorge Díaz
|
0-0: Ball 1-0: Ball 2-0: Ball 3-0: Base on Balls Chris Moore to third Ed Starr to second
|
Batting: SHB David Johnstone
|
0-0: Ball 1-0: Foul Ball, location: 2F 1-1: Fielders Choice at 2nd, 6-4 (Groundball, 6)
|
Bottom of the 3rd over - 1 run, 3 hits, 0 errors, 3 left on base; Texarkana 2 - San Jose 3 |
TOP OF THE 4TH |
Texarkana Bears batting - Pitching for San Jose Missions : LHP Esteban Peña
|
Batting: RHB Lu-fang Huie
|
0-0: Foul Ball, location: 2F 0-1: Foul Ball, location: 2F 0-2: Ball 1-2: Strikes out swinging
|
Batting: RHB Gilberto López
|
0-0: Ball 1-0: Swinging Strike 1-1: Foul Ball, location: 2F 1-2: Ball 2-2: Ball 3-2: Foul Ball, location: 2F 3-2: Foul Ball, location: 2F 3-2: SINGLE (Groundball, 56D)
|
Batting: RHB Marvin Johnson
|
0-0: Ball Gilberto López is caught stealing 2nd base 1-0: Foul Ball, location: 2F 1-1: Ball 2-1: Ground out U3 (Groundball, 3)
|
Top of the 4th over - 0 runs, 1 hit, 0 errors, 0 left on base; Texarkana 2 - San Jose 3 |
BOTTOM OF THE 4TH |
San Jose Missions batting - Pitching for Texarkana Bears : RHP Kosami Tagawa
|
Batting: RHB David Crespo
|
0-0: Called Strike 0-1: Ball 1-1: Ball 2-1: Ball 3-1: Base on Balls
|
Batting: RHB Irwin Duncan
|
0-0: Ball 1-0: Called Strike 1-1: Called Strike 1-2: Strikes out looking
|
Batting: RHB Chase Mueller
|
0-0: Called Strike 0-1: Ball 1-1: Ball 2-1: Ball 3-1: Fly out, F8 (Flyball, 89S)
|
Pitching: RHP Dave Hammond
|
|
Batting: SHB Ángel González
|
0-0: Ball 1-0: Called Strike 1-1: Fly out, F4 (Flyball, 3D)
|
Bottom of the 4th over - 0 runs, 0 hits, 0 errors, 1 left on base; Texarkana 2 - San Jose 3 |
TOP OF THE 5TH |
Texarkana Bears batting - Pitching for San Jose Missions : LHP Esteban Peña
|
Batting: RHB Arturo Rodríguez
|
0-0: Called Strike 0-1: Ball 1-1: Ball 2-1: Called Strike 2-2: Foul Ball, location: 2F 2-2: Foul Ball, location: 2F 2-2: Strikes out looking
|
Batting: RHB Steve Garneys
|
0-0: Ball 1-0: Swinging Strike 1-1: Called Strike 1-2: Ball 2-2: Foul Ball, location: 2F 2-2: Foul Ball, location: 2F 2-2: Strikes out swinging
|
Batting: RHB Kun Liu
|
0-0: Foul Ball, location: 2F 0-1: Foul Ball, location: 2F 0-2: Ground out 5-3 (Groundball, 5S)
|
Top of the 5th over - 0 runs, 0 hits, 0 errors, 0 left on base; Texarkana 2 - San Jose 3 |
BOTTOM OF THE 5TH |
San Jose Missions batting - Pitching for Texarkana Bears : RHP Dave Hammond
|
Batting: LHB John Foster
|
0-0: Called Strike 0-1: Ball 1-1: Fly out, F8 (Flyball, 8RS)
|
Batting: LHB Chris Moore
|
0-0: Called Strike 0-1: Ball 1-1: Swinging Strike 1-2: Strikes out swinging
|
Batting: RHB Ed Starr
|
0-0: Ball 1-0: Fly out, F7 (Flyball, 78D)
|
Bottom of the 5th over - 0 runs, 0 hits, 0 errors, 0 left on base; Texarkana 2 - San Jose 3 |
TOP OF THE 6TH |
Texarkana Bears batting - Pitching for San Jose Missions : LHP Esteban Peña
|
Batting: LHB Alberto Medine
|
0-0: Ball 1-0: Fly out, F7 (Flyball, 78S)
|
Batting: RHB Jaime Delgado
|
0-0: Ball 1-0: Ball 2-0: Ball 3-0: Base on Balls
|
Batting: RHB Billy Campbell
|
0-0: Ball 1-0: Ball 2-0: SINGLE (Groundball, 56D) Jaime Delgado to second
|
Batting: RHB Lu-fang Huie
|
0-0: SINGLE (Line Drive, 4D) Jaime Delgado to third Billy Campbell to second
|
Batting: RHB Gilberto López
|
0-0: Called Strike 0-1: Ball 1-1: Foul Ball, location: 2F 1-2: Ball 2-2: Ball 3-2: SINGLE (Groundball, 56D) Jaime Delgado scores Billy Campbell to third Lu-fang Huie to second Runner from 3rd tries for Home, SAFE, no throw
|
Pitching: RHP Kazuo Mochizuki
|
|
Batting: RHB Marvin Johnson
|
0-0: Ball 1-0: Fly out, F7 (Flyball, 7LS)
|
Batting: RHB Arturo Rodríguez
|
0-0: Called Strike 0-1: Ball 1-1: Fielders Choice at 2nd, 6-4 (Groundball, 6)
|
Top of the 6th over - 2 runs, 3 hits, 0 errors, 2 left on base; Texarkana 4 - San Jose 3 |
BOTTOM OF THE 6TH |
San Jose Missions batting - Pitching for Texarkana Bears : RHP Dave Hammond
|
Batting: RHB Jorge Díaz
|
0-0: Ball 1-0: Called Strike 1-1: Ball 2-1: Foul Ball, location: 2F 2-2: Ball 3-2: Foul Ball, location: 2F 3-2: Base on Balls
|
Batting: SHB David Johnstone
|
0-0: Ball 1-0: SINGLE (Groundball, 34D) Jorge Díaz to second Runner from 2nd tries for 3rd, SAFE, throw made to third
|
Batting: RHB David Crespo
|
0-0: Called Strike 0-1: Foul Ball, location: 2F 0-2: Foul Ball, location: 2F 0-2: Ball 1-2: Ground out 2-3 (Groundball, 15S) David Johnstone to second
|
Batting: RHB Irwin Duncan
|
0-0: Ball 1-0: Swinging Strike 1-1: Called Strike 1-2: Strikes out looking
|
Batting: RHB Chase Mueller
|
0-0: Fly out, F9 (Flyball, 9D)
|
Bottom of the 6th over - 0 runs, 1 hit, 0 errors, 2 left on base; Texarkana 4 - San Jose 3 |
TOP OF THE 7TH |
Texarkana Bears batting - Pitching for San Jose Missions : RHP Kazuo Mochizuki
|
Batting: RHB Steve Garneys
|
0-0: Ball 1-0: Ball 2-0: Ground out 4-3 (Groundball, 4)
|
Batting: RHB Kun Liu
|
0-0: Ball 1-0: Called Strike 1-1: Ball 2-1: TRIPLE (Line Drive, 7D)
|
Batting: LHB Alberto Medine
|
0-0: Foul Ball, location: 2F 0-1: Swinging Strike 0-2: Foul Ball, location: 2F 0-2: Foul Ball, location: 2F 0-2: Fly out, F9 (Flyball, 89S)
|
Batting: RHB Jaime Delgado
|
0-0: Ball 1-0: Ball 2-0: Called Strike 2-1: Ball 3-1: Base on Balls
|
Batting: RHB Billy Campbell
|
0-0: Called Strike 0-1: Ball 1-1: 3-RUN HOME RUN (Flyball, 78XD), Distance : 421 ft
|
Pitching: LHP Phil Davis
|
|
Batting: RHB Lu-fang Huie
|
0-0: Ball 1-0: Foul Ball, location: 2F 1-1: Foul Ball, location: 2F 1-2: Strikes out swinging
|
Top of the 7th over - 3 runs, 2 hits, 0 errors, 0 left on base; Texarkana 7 - San Jose 3 |
BOTTOM OF THE 7TH |
San Jose Missions batting - Pitching for Texarkana Bears : RHP Dave Hammond
|
Batting: SHB Ángel González
|
0-0: Ball 1-0: Called Strike 1-1: Ball 2-1: Swinging Strike 2-2: Foul Ball, location: 2F 2-2: Ball 3-2: Strikes out swinging
|
Batting: LHB John Foster
|
0-0: Ground out U3 (Groundball, 3L)
|
Batting: LHB Chris Moore
|
0-0: Ball 1-0: Foul Ball, location: 2F 1-1: DOUBLE (Line Drive, 78D)
|
Batting: RHB Ed Starr
|
0-0: Ball 1-0: Foul Ball, location: 2F 1-1: Ground out U3 (Groundball, 3)
|
Bottom of the 7th over - 0 runs, 1 hit, 0 errors, 1 left on base; Texarkana 7 - San Jose 3 |
TOP OF THE 8TH |
Texarkana Bears batting - Pitching for San Jose Missions : LHP Phil Davis
|
Batting: RHB Gilberto López
|
0-0: Ball 1-0: Called Strike 1-1: Foul Ball, location: 2F 1-2: Foul Ball, location: 2F 1-2: Ground out 1-3 (Groundball, 13S)
|
Batting: RHB Marvin Johnson
|
0-0: Ball 1-0: Ball 2-0: Called Strike 2-1: Fly out, F9 (Flyball, 9D)
|
Batting: RHB Arturo Rodríguez
|
0-0: Swinging Strike 0-1: Called Strike 0-2: Strikes out swinging
|
Top of the 8th over - 0 runs, 0 hits, 0 errors, 0 left on base; Texarkana 7 - San Jose 3 |
BOTTOM OF THE 8TH |
San Jose Missions batting - Pitching for Texarkana Bears : RHP Dave Hammond
|
Pitching: RHP Vincente Fernández
|
|
Batting: RHB Jorge Díaz
|
0-0: Called Strike 0-1: Foul Ball, location: 2F 0-2: Ball 1-2: Fly out, F7 (Flyball, 7)
|
Batting: SHB David Johnstone
|
0-0: Ball 1-0: Ball 2-0: Foul Ball, location: 2F 2-1: Ball 3-1: Foul Ball, location: 2F 3-2: DOUBLE (Line Drive, 7LS)
|
Batting: RHB David Crespo
|
0-0: Called Strike 0-1: Ball 1-1: SINGLE (Groundball, 6MD) David Johnstone to third Runner from 3rd tries for Home, SAFE, no throw
|
Batting: RHB Irwin Duncan
|
0-0: Called Strike 0-1: Ball 1-1: Ground out 5-3 (Groundball, 56S) David Crespo to second
|
Batting: RHB Chase Mueller
|
0-0: Called Strike 0-1: Ball 1-1: Ground out 4-3 (Groundball, 4)
|
Bottom of the 8th over - 1 run, 2 hits, 0 errors, 1 left on base; Texarkana 7 - San Jose 4 |
TOP OF THE 9TH |
Texarkana Bears batting - Pitching for San Jose Missions : LHP Phil Davis
|
Batting: RHB Steve Garneys
|
0-0: Ball 1-0: Ball 2-0: Ball 3-0: Base on Balls
|
Pitching: RHP Shiki Kanno
|
|
Batting: RHB Kun Liu
|
0-0: SINGLE (Groundball, 6MD) Steve Garneys to second Runner from 2nd tries for 3rd, SAFE, no throw
|
Pitching: RHP John Allan
|
|
Batting: LHB Alberto Medine
|
0-0: Ball 1-0: Ground out 4-3 (Groundball, 4) Kun Liu to second
|
Batting: RHB Jaime Delgado
|
0-0: SINGLE (Groundball, 56D) Steve Garneys scores Kun Liu to third
|
Batting: RHB Billy Campbell
|
0-0: Ball 1-0: Ball 2-0: Ball 3-0: Base on Balls Jaime Delgado to second
|
Batting: RHB Lu-fang Huie
|
0-0: Ball 1-0: Ball 2-0: Ball 3-0: Base on Balls Kun Liu scores Jaime Delgado to third Billy Campbell to second
|
Batting: RHB Gilberto López
|
0-0: Ball 1-0: Foul Ball, location: 2F 1-1: Grounds into fielders choice 6-2 (Groundball, 6) Billy Campbell to third Lu-fang Huie to second
|
Batting: RHB Marvin Johnson
|
0-0: Ball 1-0: Ground out 5-3 (Groundball, 56S)
|
Top of the 9th over - 2 runs, 2 hits, 0 errors, 3 left on base; Texarkana 9 - San Jose 4 |
BOTTOM OF THE 9TH |
San Jose Missions batting - Pitching for Texarkana Bears : RHP Vincente Fernández
|
Batting: SHB Ángel González
|
0-0: Called Strike 0-1: Ground out 4-3 (Groundball, 4)
|
Batting: LHB John Foster
|
0-0: Ground out 6-3 (Groundball, 6)
|
Batting: LHB Chris Moore
|
0-0: Called Strike 0-1: Foul Ball, location: 2F 0-2: Strikes out looking
|
Bottom of the 9th over - 0 runs, 0 hits, 0 errors, 0 left on base; Texarkana 9 - San Jose 4 |
|